 Dungeon Crawl Stone Soup version 0.32-a0-779-g362cfcae2a (webtiles) character file.

Game seed: 12474405796822876142

41013 jasper the Severer (level 13, -28/101 HPs)
             Began as a Demonspawn Berserker on Mar 19, 2024.
             Was a High Priest of Trog.
             Annihilated by a komodo dragon (40 damage)
             ... on level 3 of the Lair of Beasts.
             The game lasted 00:23:30 (12486 turns).

jasper the Severer (Demonspawn Berserker)          Turns: 12486, Time: 00:23:31

Health: -28/101    AC: 25    Str: 28    XL:     13   Next: 77%
Magic:  13/13      EV:  2    Int:  9    God:    Trog [*****.]
Gold:   709        SH:  0    Dex: 12    Spells: 12/12 levels left

rFire   . . .        X - +8 battleaxe
rCold   . . .        (shield currently unavailable)
rNeg    . . .        H - +0 plate armour
rPois   .            n - +0 helmet
rElec   .            u - +2 cloak
rCorr   .            W - +2 pair of gloves
SInv    .            L - +0 pair of boots
Will    ++...        R - amulet of regeneration
Stlth   x              - ring of flight
HPRegen 2.16/turn    U - +6 ring of strength
MPRegen 0.13/turn

%: no passive effects
@: about to teleport, sleeping, strong-willed, flying, regenerating, studying
Axes
A: molten scales 1, foul stench 1, demonic magic 1, demonic touch 2
a: Renounce Religion, Berserk, Trog's Hand, Brothers in Arms


You were on level 3 of the Lair of Beasts.
You worshipped Trog.
Trog was extremely pleased with you.
You visited 2 branches of the dungeon, and saw 14 of its levels.
You also visited: Bailey.

You collected 1048 gold pieces.
You spent 339 gold pieces at shops.

Inventory:

Hand Weapons
 A - a +0 halberd of flaming
 P - a +1 antimagic war axe
 Q - a +0 battleaxe of protection
 X - a +8 battleaxe (weapon)
Missiles
 c - 31 stones (quivered)
 h - 11 javelins
 p - 8 boomerangs
 y - 17 poisoned darts
 F - 7 curare-tipped darts
 N - a throwing net
Armour
 n - a +0 helmet (worn)
 u - a +2 cloak (worn)
 H - a +0 plate armour (worn)
 L - a +0 pair of boots (worn)
 W - a +2 pair of gloves (worn)
Jewellery
 e - a +4 ring of slaying
 j - a +6 ring of dexterity
 m - a ring of fire
 s - an amulet of faith
 t - an amulet of guardian spirit
 x - a ring of flight (left hand)
 z - a ring of fire
 O - a +6 ring of intelligence
 R - an amulet of regeneration (around neck)
 S - an amulet of reflection
 U - a +6 ring of strength (right hand)
Wands
 C - a wand of warping (18)
 E - a wand of flame (51)
 G - a wand of polymorph (3)
 Z - a wand of mindburst (17)
Scrolls
 b - a scroll of revelation
 g - a scroll of identify
 J - a scroll of vulnerability
 K - 3 scrolls of poison
Potions
 d - 2 potions of curing
 f - 2 potions of brilliance
 i - 4 potions of mutation
 l - a potion of invisibility
 o - a potion of haste
 q - 2 potions of resistance
 r - 2 potions of attraction
 v - a potion of berserk rage
 w - 2 potions of cancellation
 B - 4 potions of lignification
Miscellaneous
 k - a sack of spiders


   Skills:
 + Level 9.5 Fighting
 * Level 19.4 Axes
 + Level 8.4 Armour
 - Level 4.2 Dodging


You had 12 spell levels left.
You didn't know any spells.
Your spell library was empty.

Dungeon Overview and Level Annotations

Branches:
Dungeon (11/15)            Temple (0/1) D:4            Lair (3/5) D:11
  Swamp (0/4) Lair:2        Snake (0/4) Lair:3          Orc (0/2) D:10
 Bailey (visited)

Altars:
Ashenzari
Cheibriados
Dithmenos
Gozag
Makhleb
Qazlal
Ru
Sif Muna
Trog
Wu Jian

Shops:
D:5 [*(   D:9 (

Annotations:
D:7 exclusion: door
Lair:3 Prince Ribbit


Innate Abilities, Weirdness & Mutations

You are partially covered in molten scales. (AC +2)
You may rarely emit foul miasma when damaged in melee.
Spells you cast may paralyse adjacent enemies.
Your touch may inflict irresistible damage on your foes.


Message History

Prince Ribbit comes into view.
You feel sick.
Prince Ribbit croaks.
Prince Ribbit blinks!
The dream sheep headbutts you but does no damage.
You feel sick. The dream sheep headbutts you!
You wake up.
The blink frog blinks!
You take 8 damage, and have 41/101 hp.
Unknown command.
Your two-headed ogre goes berserk!
You feel sick.
You are no longer poisoned.
The dream sheep closely misses you.
The dream sheep headbutts you but does no damage.
The dream sheep headbutts you. The komodo dragon bites you!
* * * LOW HITPOINT WARNING * * *
You take 18 damage, and have 23/101 hp.
Unknown command.
Okay, then.
As you read the scroll of teleportation, it crumbles to dust.
You feel strangely unstable.
The dream sheep closely misses your two-headed ogre. x2
The dream sheep headbutts you but does no damage.
Your two-headed ogre hits the dream sheep with a +0 giant club!!!
The dream sheep dies!
Trog accepts your kill.
The dream sheep headbutts you but does no damage.
The komodo dragon bites you!
* * * LOW HITPOINT WARNING * * *
You take 13 damage, and have 10/101 hp.
You are overwhelmed by glittering dream dust!
You feel drowsy...
You fall asleep.
The dream sheep headbutts your two-headed ogre.
The blink frog blinks!
Your two-headed ogre hits the dream sheep with a +0 giant club!!
The dream sheep dies!
Trog accepts your kill.
The komodo dragon attacks as it pursues you!
The komodo dragon bites you!!!
You die...

.##.~~~~~...
#~.~~~~~~~... ..l
##.~~~...~~~..
.....##.~~~.P.~.~~~.
.........~~P...~.~~~.
..........~~.Y.>...~~.
..........~Y.YY†...~~.
..........~~~YO~.~~~~P
.........F~~†l@P~~~~..
.........)).~~~~~~~...
.........F.).~~~~~.#..
..............P#~##...
.........#^######## ..
.......#.### .
#.......# P.......###
###......P##### ##..


You could see a komodo dragon, Prince Ribbit, a blink frog, 5 dream sheep and a
friendly two-headed ogre (summoned, berserk).

Vanquished Creatures
  Gastronok (D:10)
  3 hydras (Lair:2)
  5 two-headed ogres
  3 boulder beetles (D:11)
  An orc knight (Bailey)
  Pikel (D:5)
  A cyclops (D:11)
  A manticore (D:11)
  Maurice (D:8)
  2 black mambas
  Jeremiah (D:8)
  4 kobold demonologists
  6 cane toads
  3 unseen horrors (D:11)
  3 komodo dragons
  Psyche (D:8)
  2 trolls
  A tyrant leech (Lair:2)
  A queen bee (D:8)
  A hornet (D:9)
  A blink frog (Lair:3)
  5 wyverns
  3 wraiths
  32 yaks
  A basilisk (Lair:2)
  2 steam dragons
  Grum (D:8)
  A vampire mosquito (D:11)
  Edmund (D:5)
  Menkaure (D:5)
  3 swamp worms (Lair:2)
  3 acid dragons (D:11)
  3 nagas (Lair:3)
  10 water moccasins
  4 ice beasts
  2 sky beasts (D:7)
  13 orc warriors
  3 black bears
  3 ogres
  9 wolves
  2 phantoms
  6 centaurs
  A lemure (D:5)
  12 bullfrogs
  3 kobold brigands
  A scorpion (D:6)
  4 gnoll sergeants
  4 wights (D:9)
  27 killer bees
  4 howler monkeys (D:10)
  6 electric eels (Bailey)
  A gnoll bouda (D:5)
  2 hounds (D:7)
  8 orc priests
  Crazy Yiuf (D:3)
  3 jellies
  2 iguanas
  2 sleepcaps
  14 orc wizards
  22 gnolls
  12 adders
  A shadow imp (D:6)
  2 white imps
  2 ufetubi (D:7)
  A dart slug (D:2)
  A ribbon worm (D:3)
  44 orcs
  8 endoplasms
  3 giant cockroaches
  13 goblins
  7 hobgoblins
  17 jackals
  2 quokkas
  11 ball pythons
  A bat (D:2)
  5 frilled lizards
  16 kobolds
  3 rats
  A butterfly (Lair:1)
418 creatures vanquished.

Vanquished Creatures (collateral kills)
  2 dream sheep (Lair:3)
2 creatures vanquished.

Vanquished Creatures (others)
  An orc (D:10)
1 creature vanquished.

Grand Total: 421 creatures vanquished

Notes
Turn   | Place    | Note
-------+----------+-------------------------------------------
     0 | D:1      | jasper the Demonspawn Berserker began the quest for the
                  | Orb.
     0 | D:1      | Reached XP level 1. HP: 18/18 MP: 1/1
     2 | D:1      | Noticed an oni
     2 | D:1      | Noticed an armataur
     4 | D:1      | Noticed a ghoul
     4 | D:1      | Noticed an elf
     6 | D:1      | Noticed a barachi
     8 | D:1      | Noticed a draconian
    10 | D:1      | Noticed a demigod
    10 | D:1      | Noticed a vampire
    12 | D:1      | Noticed a minotaur
    12 | D:1      | Noticed a tengu
    14 | D:1      | Noticed a naga
    14 | D:1      | Noticed a human
    16 | D:1      | Noticed a spriggan
    18 | D:1      | Noticed a troll
    18 | D:1      | Noticed a djinni
    20 | D:1      | Noticed a felid
    20 | D:1      | Noticed a gargoyle
    22 | D:1      | Noticed an octopode
    22 | D:1      | Noticed a formicid
    24 | D:1      | Noticed a vine stalker
    26 | D:1      | Noticed a merfolk
    26 | D:1      | Noticed a dwarf
    28 | D:1      | Noticed a demonspawn
    78 | D:1      | Reached skill level 3 in Axes
   224 | D:1      | Gained mutation: You may rarely emit foul miasma when
                  | damaged in melee. [demonic ancestry]
   224 | D:1      | Reached XP level 2. HP: 24/24 MP: 2/2
   448 | D:1      | Reached ** piety under Trog
   653 | D:2      | Found a faded altar of an unknown god.
   799 | D:2      | Gained mutation: Your touch may inflict minor irresistible
                  | damage on your foes. [demonic ancestry]
   799 | D:2      | Reached XP level 3. HP: 27/29 MP: 3/3
   808 | D:2      | Found an opulent altar of Gozag.
  1000 | D:2      | Reached skill level 4 in Axes
  1212 | D:2      | Identified the +2 robe of the Voracious God {Rampage Int+3}
  1388 | D:2      | Gained mutation: Spells you cast may paralyse adjacent
                  | enemies. [demonic ancestry]
  1388 | D:2      | Reached XP level 4. HP: 32/35 MP: 4/4
  1586 | D:3      | Identified the +5 robe of Zaumulli {Str+3 Int+2}
  1618 | D:3      | Reached skill level 5 in Axes
  1662 | D:3      | Found a runed translucent door.
  1663 | D:3      | Noticed Crazy Yiuf
  1752 | D:3      | Reached XP level 5. HP: 41/41 MP: 5/5
  2182 | D:3      | Killed Crazy Yiuf
  2183 | D:3      | Reached skill level 6 in Axes
  2247 | D:4      | Found a staircase to the Ecumenical Temple.
  2363 | D:4      | Found a shimmering blue altar of Sif Muna.
  2371 | D:4      | Gained mutation: Your touch may inflict irresistible damage
                  | on your foes. [demonic ancestry]
  2371 | D:4      | Reached XP level 6. HP: 47/47 MP: 6/6
  2378 | D:4      | Reached *** piety under Trog
  2379 | D:4      | Found an opulent altar of Gozag.
  2603 | D:4      | Found a shadowy altar of Dithmenos.
  2603 | D:4      | Found a burning altar of Makhleb.
  2603 | D:4      | Found a sacrificial altar of Ru.
  2821 | D:5      | Entered Level 5 of the Dungeon
  2965 | D:5      | Noticed Edmund
  2975 | D:5      | Reached skill level 7 in Axes
  2978 | D:5      | Killed Edmund
  2979 | D:5      | Reached XP level 7. HP: 52/52 MP: 5/7
  3070 | D:5      | Reached skill level 8 in Axes
  3126 | D:5      | Noticed Menkaure
  3132 | D:5      | Killed Menkaure
  3133 | D:5      | Found Towkel Zarac's General Store.
  3184 | D:5      | Bought a scroll of teleportation for 33 gold pieces
  3184 | D:5      | Bought a scroll of revelation for 82 gold pieces
  3184 | D:5      | Bought 2 potions of lignification for 66 gold pieces
  3367 | D:5      | Found Uxzavaq's Weapon Shop.
  3430 | D:5      | Reached skill level 9 in Axes
  3430 | D:5      | Reached XP level 8. HP: 58/58 MP: 8/8
  3735 | D:5      | Noticed Pikel
  3745 | D:5      | Killed Pikel
  3746 | D:5      | Reached skill level 10 in Axes
  3893 | D:5      | Found Pynil's Armour Emporium.
  4155 | D:6      | Reached skill level 11 in Axes
  4189 | D:5      | Bought a +0 pair of boots for 54 gold pieces
  4265 | D:6      | Reached XP level 9. HP: 54/63 MP: 7/9
  4568 | D:6      | Found an ornate altar of the Wu Jian Council.
  4572 | D:6      | Found a stormy altar of Qazlal.
  4577 | D:6      | Found a snail-covered altar of Cheibriados.
  5034 | D:7      | Reached skill level 12 in Axes
  5041 | D:7      | Found a broken altar of Ashenzari.
  5835 | D:5      | Bought a scroll of brand weapon for 104 gold pieces
  5913 | D:8      | Noticed Jeremiah
  5979 | D:9      | Noticed a two-headed ogre
  5989 | D:9      | Killed a two-headed ogre
  5990 | D:9      | Gained mutation: You are partially covered in molten
                  | scales. (AC +2) [demonic ancestry]
  5990 | D:9      | Reached XP level 10. HP: 71/71 MP: 10/10
  6236 | D:9      | Noticed a two-headed ogre
  6237 | D:9      | Noticed a two-headed ogre
  6243 | D:9      | Killed a two-headed ogre
  6244 | D:9      | Reached skill level 13 in Axes
  6248 | D:9      | Killed a two-headed ogre
  6451 | D:9      | Found Xayrupacw's Weapon Shop.
  6473 | D:9      | Found a bloodstained altar of Trog.
  6495 | D:9      | Reached **** piety under Trog
  6633 | D:9      | Reached skill level 5 in Fighting
  6809 | D:9      | Paralysed by a hornet for 3 turns
  6950 | D:10     | Entered Level 10 of the Dungeon
  7057 | D:10     | Found a flagged portal.
  7072 | Bailey   | Entered a bailey
  7327 | Bailey   | Noticed an orc knight
  7354 | Bailey   | Killed an orc knight
  7355 | Bailey   | Reached XP level 11. HP: 60/81 MP: 11/11
  7402 | Bailey   | Found an iron altar of Okawaru.
  7416 | Bailey   | Reached skill level 5 in Armour
  7470 | Bailey   | Reached skill level 15 in Axes
  7470 | Bailey   | Reached XP level 12. HP: 88/88 MP: 12/12
  7718 | D:10     | Reached skill level 16 in Axes
  7773 | D:10     | Noticed Gastronok
  7790 | D:10     | Killed Gastronok
  7942 | D:10     | Found a staircase to the Orcish Mines.
  7944 | D:10     | Reached ***** piety under Trog
  8483 | D:11     | Noticed a boulder beetle
  8486 | D:11     | Noticed a boulder beetle
  8772 | D:11     | Killed a boulder beetle
  8844 | D:11     | Found a staircase to the Lair.
  8956 | D:11     | Noticed a boulder beetle
  8969 | D:11     | Killed a boulder beetle
  9061 | D:11     | Killed a boulder beetle
  9062 | D:11     | Reached skill level 17 in Axes
  9133 | D:11     | Noticed a two-headed ogre
  9139 | D:11     | Killed a two-headed ogre
  9140 | D:11     | Reached XP level 13. HP: 74/98 MP: 13/13
  9366 | D:8      | Killed Jeremiah
  9382 | D:8      | Noticed Grum
  9394 | D:8      | Killed Grum
  9725 | D:8      | Received a gift from Trog
  9741 | D:8      | Noticed Psyche
  9757 | D:8      | Killed Psyche
  9819 | D:8      | Reached skill level 18 in Axes
  9993 | D:8      | Noticed Maurice
  9997 | D:8      | Something stole a +4 dire flail of pain
 10002 | D:8      | Killed Maurice
 10428 | Lair:1   | Entered Level 1 of the Lair of Beasts
 11391 | Lair:2   | Reached ****** piety under Trog
 11691 | Lair:2   | Reached skill level 19 in Axes
 11696 | Lair:2   | Received a gift from Trog
 11815 | Lair:2   | Found a staircase to the Swamp.
 12459 | Lair:3   | Found a staircase to the Snake Pit.
 12481 | Lair:3   | Noticed Prince Ribbit
 12486 | Lair:3   | Annihilated by a komodo dragon

Illustrated notes

Levels and vault maps discovered:
D:1:      kb_arrival_jail, layout_rooms, dreamdust_mushroom_princess
D:2:      layout_loops_ring, basic_altar, basic_ecumenical_altar,
          grunt_ministairs_4
D:3:      layout_rooms, uniq_crazy_yiuf_cottage
D:4:      layout_gridville, nicolae_overflow_squiral,
          chequers_temple_overflow_statue_of_worship, minmay_temple_entry_tees
D:5:      layout_loops_ring, serial_shops, nicolae_shop_real_fake_doors,
          nicolae_shop_tiny_waterfront, nicolae_shop_tiny_real_fake_doors,
          uniq_menkaure, uniq_edmund, uniq_pikel
D:6:      layout_cave_pools, grunt_temple_overflow_diamond
D:7:      cheibrodos_two_vegetables, layout_basic, cheibrodos_ashenzari_chains,
          tso_oasis_becter
D:8:      layout_loops_ring, nicolae_looking_at_the_future, uniq_psyche,
          uniq_jeremiah, uniq_grum, uniq_maurice
D:9:      layout_loops_corners, mainiacjoe_overflow_boulevard, serial_shops,
          shop
D:10:     layout_irregular_city, kennysheep_orc_monster_closet_entryway,
          lightli_bailey_entry_fortress, uniq_gastronok
D:11:     minmay_four_partial_circles, layout_irregular_city,
          minmay_lair_entry_grove
Lair:1:   layout_roguey, lemuel_fruit_fields, grunt_megastairs_4,
          lemuel_fruit_fields
Lair:2:   layout_loops_ring, palyth_hydra_swamp_entry
Lair:3:   layout_hall_layers, guppyfry_snake_entry_island, uniq_prince_ribbit2

Skill      XL: |  1  2  3  4  5  6  7  8  9 10 11 12 13 |
---------------+----------------------------------------+-----
Axes           | 3 4 5 6 7 9 11 12 13 15 17 19 | 19.4
Armour         | 3 4 5 7 8 |  8.4
Dodging        | 3 4 |  4.2
Fighting       | 4 5 6 8 9 |  9.5

Action                     |  1- 3 |  4- 6 |  7- 9 | 10-12 | 13-15 || total
---------------------------+-------+-------+-------+-------+-------++-------
  Melee: Hand axe          |   109 |   131 |   202 |       |       ||   442
         Touch             |     7 |    23 |    34 |       |       ||    64
         Battleaxe         |       |       |    61 |   434 |   370 ||   865
         War axe           |       |       |    13 |       |       ||    13
         Dire flail        |       |       |       |       |    17 ||    17
         Halberd           |       |       |       |       |     6 ||     6
  Throw: Stone             |    15 |    11 |    18 |       |       ||    44
 Invoke: Berserk           |       |     4 |     7 |     4 |       ||    15
         Trog's Hand       |       |       |     1 |     6 |     1 ||     8
         Brothers in Arms  |       |       |       |       |     1 ||     1
  Evoke: Wand              |       |       |       |     4 |       ||     4
    Use: Scroll            |     3 |     6 |     3 |     3 |    11 ||    26
         Potion            |       |       |       |     5 |       ||     5
   Stab: Invisible         |       |       |       |     2 |       ||     2
 Armour: Animal skin       |    12 |       |       |       |       ||    12
         Ring mail         |    87 |    19 |       |       |       ||   106
         Robe              |       |    68 |   204 |   127 |       ||   399
         Plate armour      |       |       |       |   408 |   348 ||   756
  Dodge: Dodged            |    60 |    64 |   146 |   267 |   152 ||   689

Table legend: (Time is in decaauts)
 A = Elapsed time spent in this place.
 B = Non-inter-level travel time spent in this place.
 C = Inter-level travel time spent in this place.
 D = Time resting spent in this place.
 E = Time spent auto-exploring this place.
 F = Levels seen in this place.
 G = Mean time per level.
                   A        B        C        D        E       F      G
               +--------+--------+--------+--------+--------+-----+--------+
         Total |  12488 |  11702 |    786 |    869 |   7779 |  15 |  832.5 |
       Dungeon |   9953 |   9304 |    649 |    770 |   6156 |  11 |  904.8 |
          Lair |   2002 |   1866 |    136 |      0 |   1462 |   3 |  667.3 |
        Bailey |    531 |    531 |      0 |     98 |    161 |   1 |  531.0 |
               +--------+--------+--------+--------+--------+-----+--------+

Top non-repeatable levels by time:
     D:5: 1269 daAuts
     D:9: 1113 daAuts
     D:7: 1030 daAuts
  Lair:2: 1019 daAuts
     D:8: 978 daAuts
    D:11: 967 daAuts
    D:10: 945 daAuts
     D:2: 829 daAuts
  Lair:1: 829 daAuts
     D:6: 794 daAuts
     D:3: 792 daAuts
     D:1: 658 daAuts
     D:4: 573 daAuts
  Bailey: 531 daAuts
  Lair:3: 154 daAuts
